 Dungeon Crawl Stone Soup version 0.21.1-1-g345015fe64 (webtiles) character file.

2545 Dommiel19 the Cleaver (level 9, -4/79 HPs)
             Began as a Hill Orc Fighter on Feb 10, 2018.
             Was a Priest of Makhleb.
             Slain by a two-headed ogre
             ... wielding a +0 giant spiked club
              (15 damage)
             ... on level 8 of the Dungeon.
             The game lasted 00:15:40 (6784 turns).

Dommiel19 the Cleaver (Hill Orc Fighter)            Turns: 6784, Time: 00:15:41

Health: -4/79      AC: 13    Str: 26      XL:     9   Next: 55%
Magic:  15/15      EV:  8    Int:  8      God:    Makhleb [***...]
Gold:   223        SH:  0    Dex:  9 (10) Spells: 8/8 levels left

rFire    + . .     SeeInvis .   a - +1 war axe
rCold    + . .     Gourm    .   (no shield)
rNeg     . . .     Faith    .   A - +0 chain mail
rPois    .         Spirit   .   v - +0 helmet
rElec    .         Reflect  .   b - scarf {rC+ rF+}
rCorr    .         Harm     .   (no gloves)
MR       .....                  r - +0 pair of boots
Stlth    ..........             (no amulet)
HPRegen  0.23/turn              c - +4 ring of strength
MPRegen  0.14/turn              (no ring)

@: no status effects
A: no striking features
a: Minor Destruction, Lesser Servant of Makhleb, Renounce Religion


You were on level 8 of the Dungeon.
You worshipped Makhleb.
Makhleb was most pleased with you.
You were not hungry.

You visited 1 branch of the dungeon, and saw 8 of its levels.

You collected 223 gold pieces.

Inventory:

Hand Weapons
 a - a +1 war axe (weapon)
Armour
 b - a scarf of resistance (worn)
 r - a +0 pair of boots (worn)
 v - a +0 helmet (worn)
 w - a +1 cloak
 A - a +0 chain mail (worn)
Jewellery
 c - a +4 ring of strength (left hand)
 o - an uncursed ring of wizardry {unknown}
Wands
 d - a wand of polymorph (11)
 j - a wand of iceblast (9)
 l - a wand of enslavement (26)
 n - a wand of flame (20)
 z - a wand of acid (7)
Scrolls
 g - 4 scrolls of magic mapping
 h - 6 scrolls of identify
 i - 2 scrolls of enchant armour
 k - a scroll of teleportation
 m - 4 scrolls of remove curse
 p - a scroll of blinking
 q - a scroll of enchant weapon
 u - 2 scrolls of amnesia
Potions
 e - a potion of curing
 s - a potion of berserk rage
 t - a potion of ambrosia
Books
 B - a book of Cantrips

   Spells                             Type                      Level
   a - Confusing Touch                Hexes                        1
   b - Animate Skeleton               Necromancy                   1
   c - Summon Small Mammal            Summoning                    1
   d - Apportation                    Translocation                1
 C - a book of Maledictions

   Spells                             Type                      Level
   a - Corona                         Hexes                        1
   b - Ensorcelled Hibernation        Hexes/Ice                    2
   c - Confuse                        Hexes                        3
   d - Tukima's Dance                 Hexes                        3
   e - Dazzling Spray                 Conjuration/Hexes            3
Comestibles
 f - 12 rations


   Skills:
 + Level 7.1 Fighting
 * Level 10.0 Axes
 + Level 6.7 Armour
   Level 3.2 Shields
 * Level 9.1 Invocations


You had 8 spell levels left.
You didn't know any spells.

Dungeon Overview and Level Annotations

Branches:
Dungeon (8/15)             Temple (0/1) D:4
   Lair: D:8-11

Altars:
Dithmenos
Gozag
Kikubaaqudgha
Makhleb
Okawaru
Trog
Vehumet

Shops:
D:4 *


Message History

The quasit claws you but does no damage.
The quasit closely misses you.
You hit the two-headed ogre.
The two-headed ogre is heavily wounded.
You miss the quasit.
The two-headed ogre hits you with a giant spiked club!
* * * LOW HITPOINT WARNING * * *
The two-headed ogre barely misses you. The quasit misses you.
The quasit claws you but does no damage. x2
Your neqoxec hits the two-headed ogre! You closely miss the two-headed ogre.
The two-headed ogre is severely wounded.
You closely miss the quasit.
The quasit bites you but does no damage.
The quasit claws you.
* * * LOW HITPOINT WARNING * * *
You feel clumsy.
The quasit claws you but does no damage.
The two-headed ogre hits you with a giant spiked club!
You die...

#.......#########
#..._...##......#
##...).##.......### ####
##...##........... #.?.
##............### #...
#............# #...
####............###
####...##5.................
.........O@................
........#3##............###
........#...............#
....%...####............#
....###.# #........ ....
#.# ####.###. ... #.# .# ..
#..


You could see a two-headed ogre, a quasit and a friendly neqoxec.

Vanquished Creatures
  A hungry ghost (D:8)
  A water moccasin (D:7)
  An orc warrior (D:8)
  An ice beast (D:6)
  2 sky beasts
  A phantom (D:5)
  4 centaurs
  5 bullfrogs
  A scorpion (D:7)
  2 bullfrog zombies
  A howler monkey (D:6)
  A crimson imp (D:7)
  A jelly (D:7)
  2 hounds
  3 orc wizards (D:7)
  Crazy Yiuf (D:4)
  2 orc priests (D:5)
  3 iguanas
  Jessica (D:2)
  7 worker ants
  A hound skeleton (D:5)
  A howler monkey zombie (D:5)
  Robin (D:2)
  6 adders
  A shadow imp (D:6)
  2 oozes
  5 adder skeletons
  10 worms
  2 dart slugs
  7 leopard geckos
  9 orcs
  15 bats
  2 giant cockroaches
  14 goblins
  9 hobgoblins
  2 jackals (D:4)
  9 frilled lizards
  9 kobolds
  3 leopard gecko skeletons
  2 quokka skeletons
  6 rats
157 creatures vanquished.

Vanquished Creatures (collateral kills)
  A hippogriff (D:7)
  Duvessa (D:7)
  Dowan (D:7)
3 creatures vanquished.

Grand Total: 160 creatures vanquished

Notes
Turn   | Place    | Note
-------+----------+-------------------------------------------
     0 | D:1      | Dommiel19 the Hill Orc Fighter began the quest for the Orb.
     0 | D:1      | Reached XP level 1. HP: 19/19 MP: 1/1
    50 | D:1      | Reached skill level 3 in Axes
   113 | D:1      | Reached XP level 2. HP: 26/27 MP: 2/2
   750 | D:2      | Found a burning altar of Makhleb.
   759 | D:2      | Reached skill level 4 in Axes
   759 | D:2      | Reached XP level 3. HP: 26/33 MP: 3/3
   866 | D:2      | Became a worshipper of Makhleb the Destroyer
   922 | D:2      | Reached XP level 4. HP: 33/40 MP: 4/4
   985 | D:2      | Found an ancient bone altar of Kikubaaqudgha.
   992 | D:2      | Noticed Jessica
   996 | D:2      | Killed Jessica
   996 | D:2      | Reached skill level 1 in Invocations
  1254 | D:2      | Noticed Robin
  1255 | D:2      | Reached XP level 5. HP: 31/46 MP: 6/6
  1267 | D:2      | Killed Robin
  1558 | D:2      | You fall through a shaft for 2 floors!
  1585 | D:4      | Found Cib Osef's General Store.
  1588 | D:4      | Found a staircase to the Ecumenical Temple.
  1767 | D:3      | Reached * piety under Makhleb
  1872 | D:3      | Reached skill level 5 in Axes
  2350 | D:3      | Reached XP level 6. HP: 34/53 MP: 8/8
  3397 | D:4      | Noticed a sky beast
  3403 | D:4      | Reached ** piety under Makhleb
  3414 | D:4      | Killed a sky beast
  3414 | D:4      | Reached skill level 5 in Fighting
  3414 | D:4      | Reached skill level 6 in Axes
  3668 | D:4      | Reached XP level 7. HP: 57/61 MP: 10/10
  3736 | D:4      | Found a runed door.
  3867 | D:4      | Noticed Crazy Yiuf
  3870 | D:4      | Killed Crazy Yiuf
  3870 | D:4      | Reached skill level 5 in Armour
  3933 | D:5      | Entered Level 5 of the Dungeon
  3945 | D:5      | Found a shadowy altar of Dithmenos.
  3995 | D:5      | Found an opulent altar of Gozag.
  4144 | D:5      | Reached skill level 5 in Invocations
  4196 | D:5      | Noticed a moth of wrath
  4199 | D:5      | Found a bloodstained altar of Trog.
  4368 | D:5      | Reached skill level 7 in Axes
  4417 | D:5      | Reached XP level 8. HP: 59/69 MP: 12/12
  4698 | D:5      | Found an iron altar of Okawaru.
  4908 | D:6      | Found a radiant altar of Vehumet.
  4946 | D:6      | Reached skill level 8 in Axes
  5016 | D:6      | Reached *** piety under Makhleb
  5878 | D:7      | Reached skill level 9 in Axes
  5878 | D:7      | Reached XP level 9. HP: 42/78 MP: 14/14
  6254 | D:7      | Got a faintly humming leather armour
  6265 | D:7      | Identified the cursed +1 leather armour "Siffil" {rF+ rN++ Regen+ Str-4} (You found it on level 7 of the Dungeon)
  6338 | D:7      | Noticed Duvessa
  6338 | D:7      | Noticed Dowan
  6345 | D:7      | Killed Duvessa
  6349 | D:7      | Killed Dowan
  6693 | D:8      | Found a bloodstained altar of Trog.
  6765 | D:8      | Reached skill level 10 in Axes
  6768 | D:8      | Noticed a two-headed ogre
  6784 | D:8      | Slain by a two-headed ogre

Skill      XL: |  1  2  3  4  5  6  7  8  9 |
---------------+----------------------------+-----
Axes           | 3 4 5 6 7 9 10 | 10.0
Fighting       | 4 5 6 7 |  7.1
Armour         | 4 5 6 |  6.7
Invocations    | 1 3 4 5 7 9 |  9.1
Shields        | |  3.2

Action                   |  1- 3 |  4- 6 |  7- 9 || total
-------------------------+-------+-------+-------++-------
Melee: War axe           |    63 |   219 |   303 ||   585
Invok: Lesser Servant of |       |       |     2 ||     2
  Use: Potion            |       |     1 |    12 ||    13
       Scroll            |       |       |    14 ||    14
 Stab: Distracted        |       |       |     1 ||     1
  Eat: Chunk             |       |     6 |    10 ||    16
       Ration            |       |     1 |     2 ||     3
Armor: Scale mail        |    40 |   119 |   111 ||   270
       Chain mail        |       |       |    56 ||    56
Dodge: Dodged            |    34 |   117 |   167 ||   318
